 Dungeon Crawl Stone Soup version 0.31-a0-150-g89dc3ad700 (webtiles) character file.

Game seed: 7400284829793552196

19812 mopl the Covert (level 12, -4/72 HPs)
             Began as a Deep Elf Enchanter on June 8, 2023.
             Was a High Priest of Dithmenos.
             Slain by a wolf spider (18 damage)
             ... in a Gauntlet.
             The game lasted 00:33:19 (11908 turns).

mopl the Covert (Deep Elf Enchanter)               Turns: 11908, Time: 00:33:20

Health: -4/72      AC:  8    Str:  5    XL:     12   Next: 39%
Magic:  27/29      EV: 12    Int: 32    God:    Dithmenos [*****.]
Gold:   2750       SH: 10    Dex: 15    Spells: 8/34 levels left

rFire   + . .        a - +0 dagger (venom)
rCold   + . .        O - +0 buckler
rNeg    + . .        P - +0 steam dragon scales
rPois   .            s - +1 hat "Qidiul" {rC+ rN+ rCorr}
rElec   .            Y - scarf {shadows}
rCorr   +            t - +0 pair of gloves
SInv    .            V - +0 pair of boots
Will    +....        k - amulet of reflection
Stlth   ++++++++     l - +6 ring of intelligence
HPRegen 0.32/turn    F - ring of protection from fire
MPRegen 0.21/turn

%: no teleportation, reflection
@: wreathed by umbra
A: no striking features
a: Renounce Religion, Shadow Step, Shadow Form


You were in a Gauntlet.
You worshipped Dithmenos.
Dithmenos was extremely pleased with you.
You visited 3 branches of the dungeon, and saw 13 of its levels.
You also visited: Gauntlet and Volcano.

You collected 2750 gold pieces.

Inventory:

Hand Weapons
 a - a +0 dagger of venom (weapon)
Missiles
 e - 10 javelins
 w - 4 curare-tipped darts
 y - a boomerang
 C - 17 poisoned darts
 U - 2 throwing nets
Armour
 n - a +0 helmet of see invisible
 s - the +1 hat "Qidiul" (worn) {rC+ rN+ rCorr}
   (You found it in a Gauntlet)

   rC:        It protects you from cold.
   rN:        It protects you from negative energy.
   rCorr:     It protects you from acid and corrosion.
 t - a +0 pair of gloves (worn)
 O - a +0 buckler (worn)
 P - +0 steam dragon scales (worn)
 T - +0 acid dragon scales
 V - a +0 pair of boots (worn)
 Y - a scarf of shadows (worn)
Jewellery
 k - an amulet of reflection (around neck)
 l - a +6 ring of intelligence (left hand)
 F - a ring of protection from fire (right hand)
 S - a ring of positive energy
 W - a +5 ring of evasion
Wands
 r - a wand of flame (26)
 v - a wand of mindburst (22)
 G - a wand of light (17)
 L - a wand of polymorph (7)
 R - a wand of roots (4)
Scrolls
 d - a scroll of enchant weapon
 f - a scroll of identify
 g - 8 scrolls of teleportation {unknown}
 j - 6 scrolls of fog
 m - 2 scrolls of brand weapon
 p - a scroll of immolation
 q - a scroll of blinking
 u - a scroll of poison
 z - a scroll of butterflies
 I - 2 scrolls of vulnerability
Potions
 b - a potion of resistance
 c - 2 potions of invisibility
 h - 3 potions of heal wounds
 i - 3 potions of magic
 o - a potion of mutation {!q}
 x - 5 potions of lignification {!q}
 B - 2 potions of brilliance
 E - 3 potions of enlightenment
 J - 2 potions of curing
 M - a potion of cancellation
 N - 3 potions of haste


   Skills:
 + Level 7.4 Fighting
 + Level 9.0 Short Blades
 - Level 2.4 Dodging
 + Level 12.1 Stealth
 - Level 5.0 Shields
 + Level 11.8 Spellcasting
 + Level 12.1 Hexes
 - Level 3.0 Necromancy


You had 8 spell levels left.
You knew the following spells:

 Your Spells              Type           Power      Damage    Failure   Level
a - Dazzling Flash        Conj/Hex       100%       N/A       1%          3
b - Ensorcelled Hibernat  Hex/Ice        100%       N/A       1%          2
c - Confusing Touch       Hex            77%        N/A       1%          3
d - Tukima's Dance        Hex            77%        N/A       1%          3
f - Cause Fear            Hex            38%        N/A       1%          4
A - Anguish               Hex/Necr       30%        N/A       1%          4
E - Enfeeble              Hex            38%        N/A       24%         7

Your spell library contained the following spells:

 Spells                   Type           Power      Damage    Failure   Level
 Slow                     Hex            100%       N/A       1%          1
 Vampiric Draining        Necr           38%        2d8       3%          3
 Leda's Liquefaction      Hex/Erth       27%        N/A       3%          4
 Magic Dart               Conj           72%        1d6       4%          1
 Sting                    Tmut/Pois      72%        1d6       4%          1
 Cigotuvi's Dreadful Rot  Necr/Pois/Air  50%        N/A       4%          2
 Call Imp                 Summ           36%        N/A       6%          2
 Poisonous Vapours        Pois/Air       36%        N/A       6%          2
 Ignite Poison            Fire/Tmut/Pois 18%        N/A       13%         3
 Mephitic Cloud           Conj/Pois/Air  18%        N/A       13%         3
 Spider Form              Tmut/Pois      18%        N/A       13%         3
 Stone Arrow              Conj/Erth      36%        3d9       13%         3
 Animate Armour           Summ/Erth      36%        N/A       38%         4
 Olgreb's Toxic Radiance  Pois           18%        N/A       38%         4
 Freezing Cloud           Conj/Ice/Air   9%         6-21      75%         5
 Lee's Rapid Deconstruct  Erth           9%         3d7*      75%         5
 Leda's Unmaking          Conj/Erth      9%         9d2       100%        6
 Statue Form              Tmut/Erth      12%        N/A       100%        6
 Borgnjor's Revivificati  Necr           19%        N/A       100%        8
 Lehudib's Crystal Spear  Conj/Erth      9%         10d4      100%        8
 Necromutation            Tmut/Necr      14%        N/A       100%        8
 Death's Door             Necr           19%        N/A       100%        9


Dungeon Overview and Level Annotations

Branches:
Dungeon (11/15)            Temple (1/1) D:5            Lair (1/5) D:11
    Orc (0/2) D:10        Volcano (visited)         Gauntlet (1/1)

Altars:
Dithmenos
Fedhas
Hepliaklqana
Kikubaaqudgha
Nemelex Xobeh
Okawaru
Qazlal
Ru
Uskayaw
Xom
Yredelemnul
Zin

Annotations:
D:10 exclusion: 2 doors Gauntlet 7 transporters, 3 runed translucent doors


Message History

Aim: a swamp worm (umbra, chance to affect: 78%)
The swamp worm looks drowsy...
The helpless swamp worm fails to defend itself.
You spit the swamp worm like a pig!!!!
You kill the swamp worm!
Dithmenos accepts your kill.
There is a transporter here.
You see here the +1 hat of Miblig {rPois Slay-3 Stlth+}.
h - 3 sapphire potions (gained 1)
As you read the scroll of identify, it crumbles to dust.
h - 3 potions of heal wounds You see here the +1 hat of Miblig {rPois Slay-3 Stlth+}.
There is a transporter here.
You enter the transporter and appear at another place.
There is a transporter here.
You start resting.
The moth of wrath's fur bristles in rage as it notices you.
HP restored.
You start resting.
Magic restored.
You enter the transporter and appear at another place.
The moth of wrath goads something on!
The wolf spider struggles to resist.
The wolf spider hits you but does no damage.
The wolf spider barely misses you.
The moth of wrath goads the wolf spider on!
The wolf spider goes berserk!
Aiming: Mindburst
Press: ? - help, Shift-Dir - straight line, f/p - wolf spider
Aim: a wolf spider (berserk, umbra, chance to affect: 64%)
The wolf spider's mind is blasted!
The wolf spider hits you but does no damage.
The wolf spider closely misses you. The wolf spider hits you!!
You block the wolf spider's attack.
Aiming: Mindburst
Press: ? - help, Shift-Dir - straight line, f/p - wolf spider
Aim: a wolf spider (lightly wounded, berserk, umbra, chance to affect: 64%)
The wolf spider's mind is blasted!
The wolf spider hits you!!
* * * LOW HITPOINT WARNING * * *
The wolf spider bites you!!
You die...

..#....#.[#..#. #z#zz#..#....
..#########..#########..#©...
......................∩.#....
........................#....
#########..###########..#©...
........#..##...###.##..#....
..###...#..#.#..#..#.#..###..
...#....#..#.##.#..s##..≈# ..
#..#..#[#####.#s@###.#..##
######.©#©©###y#.##.©#..≈#
#.©#..#.####.s#.#.#.=#..##
...#....#..##.#.#.##!#..≈#
†.###...#..#.#..#....#..##
........#..#.####.#..#..≈#
#########..###########..##
........................≈#
........................##


You could see a wolf spider (berserk), a moth of wrath and 2 redbacks.

Vanquished Creatures
  A fire dragon (Volcano)
  A boulder beetle (D:11)
  A two-headed ogre (D:10)
  4 sun demons (Volcano)
  A manticore (D:11)
  A deep elf pyromancer (D:10)
  Joseph (D:7)
  3 smoke demons (Volcano)
  2 cane toads (Lair:1)
  2 rime drakes
  4 komodo dragons (Lair:1)
  A troll (D:9)
  A polar bear (D:10)
  2 wraiths
  2 humans (D:9)
  Eustachio (D:5)
  8 steam dragons
  16 yaks
  Grum (D:9)
  4 vampire mosquitoes (D:11)
  An acid dragon (D:11)
  3 swamp worms (Gauntlet)
  2 hell hounds (Volcano)
  3 water moccasins
  6 ice beasts
  6 orc warriors
  4 wolves
  An ogre (D:5)
  4 centaurs
  A kobold brigand (D:10)
  Blork the orc (D:5)
  A bullfrog (D:8)
  2 gnoll sergeants
  A scorpion (D:6)
  2 wights
  20 killer bees
  3 howler monkeys (D:9)
  2 gnoll boudas
  11 orc priests
  2 hounds
  Ijyb (D:5)
  4 iguanas
  A sleepcap (D:3)
  9 orc wizards
  24 gnolls
  5 adders
  A shadow imp (D:5)
  2 white imps
  3 ufetubi
  2 dart slugs
  59 orcs
  4 bats
  5 endoplasms
  4 giant cockroaches
  7 goblins
  4 hobgoblins
  9 jackals
  3 quokkas
  7 ball pythons
  3 frilled lizards
  11 kobolds
  6 rats
307 creatures vanquished.

Vanquished Creatures (collateral kills)
  A two-headed ogre (D:10)
  An acid dragon (D:10)
  6 wights
  A gnoll bouda (D:4)
  5 gnolls
  An ufetubus (D:7)
  An orc (D:10)
  A bat (D:2)
17 creatures vanquished.

Vanquished Creatures (others)
  3 dancing weapons
3 creatures vanquished.

Grand Total: 327 creatures vanquished

Notes
Turn   | Place    | Note
-------+----------+-------------------------------------------
     0 | D:1      | mopl the Deep Elf Enchanter began the quest for the Orb.
     0 | D:1      | Reached XP level 1. HP: 10/10 MP: 6/6
   187 | D:1      | Reached XP level 2. HP: 16/16 MP: 8/8
   190 | D:1      | Learned a level 2 spell: Ensorcelled Hibernation
   504 | D:1      | Reached skill level 4 in Stealth
   931 | D:2      | Reached XP level 3. HP: 20/20 MP: 9/9
   935 | D:2      | Learned a level 3 spell: Confusing Touch
   939 | D:2      | Learned a level 3 spell: Tukima's Dance
  1490 | D:2      | Reached skill level 1 in Fighting
  1521 | D:2      | Reached XP level 4. HP: 20/25 MP: 4/11
  1563 | D:2      | Reached skill level 2 in Short Blades
  1930 | D:3      | Identified the staff of conjuration "Faduiph" {Drain rElec
                  | Str+3 Dex+5}
  2415 | D:3      | Reached skill level 4 in Spellcasting
  2607 | D:4      | Reached XP level 5. HP: 29/29 MP: 13/13
  2615 | D:4      | Reached skill level 5 in Hexes
  2916 | D:4      | Reached skill level 5 in Stealth
  2994 | D:4      | Learned a level 3 spell: Dazzling Flash
  3019 | D:4      | Found a sparkling altar of Nemelex Xobeh.
  3122 | D:4      | Reached XP level 6. HP: 35/35 MP: 14/14
  3358 | D:4      | Reached skill level 2 in Fighting
  3558 | D:4      | You fall into a shaft and drop 1 floor!
  3558 | D:5      | Entered Level 5 of the Dungeon
  3610 | D:5      | Reached skill level 3 in Short Blades
  3727 | D:5      | Found a staircase to the Ecumenical Temple.
  3736 | Temple   | Entered the Ecumenical Temple
  3763 | Temple   | Became a worshipper of Dithmenos the Shadowed
  3785 | D:5      | Noticed Blork the orc
  3791 | D:5      | Killed Blork the orc
  3792 | D:5      | Reached skill level 5 in Spellcasting
  3860 | D:5      | Noticed Eustachio
  3874 | D:5      | Killed Eustachio
  3875 | D:5      | Reached skill level 6 in Hexes
  3875 | D:5      | Reached XP level 7. HP: 40/40 MP: 11/17
  4114 | D:4      | Reached skill level 6 in Stealth
  4276 | D:5      | Noticed Ijyb
  4285 | D:5      | Killed Ijyb
  4835 | D:6      | Noticed a fire elemental
  4840 | D:6      | Found a stormy altar of Qazlal.
  4847 | D:6      | Reached skill level 3 in Fighting
  4847 | D:6      | Reached skill level 4 in Short Blades
  4877 | D:6      | Reached skill level 6 in Spellcasting
  5024 | D:6      | Reached * piety under Dithmenos
  5142 | D:6      | Noticed a water elemental
  5146 | D:6      | Noticed an air elemental
  5390 | D:6      | Reached XP level 8. HP: 46/46 MP: 19/19
  5566 | D:7      | Found a hide-covered altar of Uskayaw.
  5628 | D:7      | Reached skill level 7 in Hexes
  5774 | D:7      | Reached skill level 7 in Stealth
  6019 | D:7      | Reached skill level 7 in Spellcasting
  6129 | D:7      | Reached skill level 5 in Short Blades
  6286 | D:7      | Found an ancient bone altar of Kikubaaqudgha.
  6286 | D:7      | Found a blossoming altar of Fedhas.
  6353 | D:7      | Noticed Joseph
  6538 | D:7      | HP: 2/48 [Joseph/+0 quarterstaff (10)]
  6543 | D:7      | Killed Joseph
  6544 | D:7      | Reached skill level 4 in Fighting
  6544 | D:7      | Reached skill level 8 in Hexes
  6544 | D:7      | Reached XP level 9. HP: 5/52 MP: 0/22
  7087 | D:8      | Reached skill level 8 in Stealth
  7371 | D:8      | Reached ** piety under Dithmenos
  7374 | D:8      | Reached skill level 1 in Shields
  7374 | D:8      | Reached skill level 8 in Spellcasting
  7735 | D:9      | Noticed Grum
  7738 | D:9      | Killed Grum
  7758 | D:9      | Learned a level 4 spell: Cause Fear
  7787 | D:9      | Learned a level 4 spell: Anguish
  7815 | D:9      | Noticed a troll
  7821 | D:9      | Killed a troll
  7822 | D:9      | Reached skill level 6 in Short Blades
  7867 | D:9      | Reached skill level 2 in Shields
  7867 | D:9      | Reached skill level 9 in Hexes
  8086 | D:9      | Reached skill level 5 in Fighting
  8249 | D:9      | Reached skill level 9 in Stealth
  8253 | D:9      | Reached skill level 1 in Necromancy
  8255 | D:9      | Reached XP level 10. HP: 53/59 MP: 11/24
  8658 | D:9      | Found an iron altar of Okawaru.
  8666 | D:9      | Reached skill level 9 in Spellcasting
  8682 | D:9      | Reached skill level 2 in Necromancy
  8692 | D:9      | Reached *** piety under Dithmenos
  8799 | D:10     | Entered Level 10 of the Dungeon
  8811 | D:10     | Reached skill level 3 in Shields
  8821 | D:10     | Found a staircase to the Orcish Mines.
  8876 | D:10     | Noticed a deep elf pyromancer
  8876 | D:10     | Noticed a two-headed ogre
  8885 | D:10     | Killed a two-headed ogre
  8886 | D:10     | Reached skill level 3 in Necromancy
  8947 | D:9      | Reached skill level 7 in Short Blades
  9009 | D:9      | Learned a level 7 spell: Enfeeble
  9024 | D:10     | Reached skill level 10 in Hexes
  9330 | D:10     | Reached skill level 10 in Stealth
  9464 | D:10     | Noticed a two-headed ogre
  9545 | D:10     | Killed a two-headed ogre
  9546 | D:10     | Reached XP level 11. HP: 64/64 MP: 19/26
  9620 | D:10     | Reached **** piety under Dithmenos
  9825 | D:10     | Reached skill level 10 in Spellcasting
  9984 | D:10     | Killed a deep elf pyromancer
  9985 | D:10     | Reached skill level 6 in Fighting
 10515 | D:10     | Reached skill level 4 in Shields
 10533 | D:10     | Found a staircase to the Orcish Mines.
 10679 | D:11     | Found a staircase to the Lair.
 10799 | D:11     | Noticed a boulder beetle
 10810 | D:11     | Killed a boulder beetle
 10919 | D:11     | Reached skill level 11 in Stealth
 10921 | D:11     | Reached skill level 11 in Hexes
 10923 | D:11     | Reached skill level 8 in Short Blades
 11143 | Lair:1   | Entered Level 1 of the Lair of Beasts
 11158 | Lair:1   | Identified 2 scrolls of acquirement
 11158 | Lair:1   | Acquired 835 gold pieces
 11159 | Lair:1   | Acquired 840 gold pieces
 11202 | Lair:1   | Reached ***** piety under Dithmenos
 11216 | Lair:1   | Noticed a death yak
 11216 | Lair:1   | Noticed a death yak
 11216 | Lair:1   | Noticed a death yak
 11217 | Lair:1   | Noticed a death yak
 11217 | Lair:1   | Noticed a death yak
 11217 | Lair:1   | Noticed a catoblepas
 11251 | Lair:1   | Reached skill level 11 in Spellcasting
 11260 | Lair:1   | Found a dark tunnel.
 11271 | Volcano  | Entered a volcano
 11303 | Volcano  | Noticed a sun demon
 11315 | Volcano  | Reached skill level 5 in Shields
 11317 | Volcano  | Noticed a sun demon
 11330 | Volcano  | Killed a sun demon
 11331 | Volcano  | Reached XP level 12. HP: 28/71 MP: 21/29
 11348 | Volcano  | Reached skill level 7 in Fighting
 11439 | Volcano  | Noticed a fire dragon
 11446 | Volcano  | Killed a fire dragon
 11447 | Volcano  | Reached skill level 12 in Stealth
 11447 | Volcano  | Reached skill level 12 in Hexes
 11635 | Lair:1   | Found a gate leading to a gauntlet.
 11644 | Gauntlet | Entered a Gauntlet
 11644 | Gauntlet | Found a transporter.
 11659 | Gauntlet | Found a transporter.
 11666 | Gauntlet | Found a transporter.
 11671 | Gauntlet | Found a runed translucent gate.
 11671 | Gauntlet | Found a runed translucent gate.
 11671 | Gauntlet | Found a runed translucent gate.
 11673 | Gauntlet | Found a transporter.
 11676 | Gauntlet | Found a transporter.
 11690 | Gauntlet | Found a transporter.
 11711 | Gauntlet | Found a transporter.
 11730 | Gauntlet | Found a transporter.
 11732 | Gauntlet | Found a transporter.
 11742 | Gauntlet | Found a transporter.
 11745 | Gauntlet | Found a transporter.
 11756 | Gauntlet | Found a transporter.
 11831 | Gauntlet | Identified the +1 hat "Qidiul" {rC+ rN+ rCorr}
 11852 | Gauntlet | Reached skill level 9 in Short Blades
 11865 | Gauntlet | Identified the +1 hat of Miblig {rPois Slay-3 Stlth+}
 11908 | Gauntlet | Slain by a wolf spider

Illustrated notes

Levels and vault maps discovered:
D:1:      dpeg_arrival_rooms_b, layout_loops_ring, chequers_mini_garden
D:2:      layout_basic, skrybe_limestone_x, kennysheep_flooded_box
D:3:      layout_rooms
D:4:      layout_basic, mainiacjoe_overflow_tiny_flanked, grunt_decor_clamped
D:5:      layout_basic, minmay_temple_entry_wispy, uniq_ijyb, uniq_eustachio,
          uniq_blork_the_orc
D:6:      layout_basic, nicolae_qazlal_style_of_elements
D:7:      layout_basic, nicolae_uskayaw_dance_hall,
          grunt_temple_overflow_growth_and_decay, uniq_joseph
D:8:      layout_gridville
D:9:      layout_stronghold, okawaru_humans, uniq_grum
D:10:     minmay_clustersquares, layout_irregular_city,
          minmay_orc_entry_temple_large
D:11:     layout_small_grid, hellmonk_lair_entry_icy
Temple:   kb_temple_of_zot
Lair:1:   layout_roguey, nicolae_volcano_entry_lava_flow,
          gauntlet_entry_generic, dreamdust_deal_with_the_devil,
          minmay_stone_trees_large
Gauntlet: minmay_gauntlet_mixed_big_or_small [gammafunk_gauntlet_arena_corners,
          minmay_gauntlet_arena_77_radiant_squares,
          nicolae_gauntlet_arena_t_cross, minmay_gauntlet_arena_77_run_for_it,
          gammafunk_gauntlet_arena_mazey,
          minmay_gauntlet_arena_77_tiled_triplets, gauntlet_exit_hidden_loot]

Skill      XL: |  1  2  3  4  5  6  7  8  9 10 11 12 |
---------------+-------------------------------------+-----
Stealth        | 4 5 6 7 9 10 11 12 | 12.1
Fighting       | 1 2 3 4 5 6 7 |  7.4
Short Blades   | 2 3 4 5 6 7 8 9 |  9.0
Spellcasting   | 4 5 6 7 8 9 11 | 11.8
Hexes          | 5 6 8 9 10 11 12 | 12.1
Shields        | 2 3 5 |  5.0
Necromancy     | 1 3 |  3.0
Dodging        | |  2.4

Action                     |  1- 3 |  4- 6 |  7- 9 | 10-12 || total
---------------------------+-------+-------+-------+-------++-------
  Melee: Dagger            |   115 |   138 |   187 |   299 ||   739
         Punch             |       |     2 |       |       ||     2
  Throw: Javelin           |     2 |     1 |       |       ||     3
   Cast: Ensorcelled Hiber |    21 |    42 |   108 |   104 ||   275
         Confusing Touch   |       |     3 |     6 |    13 ||    22
         Tukima's Dance    |       |     5 |    15 |     9 ||    29
         Cause Fear        |       |       |       |     3 ||     3
         Dazzling Flash    |       |       |       |     1 ||     1
         Anguish           |       |       |       |     2 ||     2
  Evoke: Wand              |       |       |     2 |     5 ||     7
    Use: Scroll            |       |     3 |     7 |    16 ||    26
         Potion            |       |       |     1 |     2 ||     3
   Stab: Sleeping          |    15 |    40 |    74 |    97 ||   226
         Confused          |       |     2 |     6 |    16 ||    24
         Distracted        |       |       |     1 |       ||     1
         Invisible         |       |       |       |     5 ||     5
 Armour: Robe              |    11 |    23 |    14 |       ||    48
         Steam dragon scal |       |       |    10 |    53 ||    63
  Dodge: Dodged            |    73 |    70 |   129 |   124 ||   396
  Block: Other             |     9 |    34 |    32 |       ||    75
         Reflection        |       |       |     2 |     4 ||     6
         Buckler           |       |       |    47 |   132 ||   179

Table legend: (Time is in decaauts)
 A = Elapsed time spent in this place.
 B = Non-inter-level travel time spent in this place.
 C = Inter-level travel time spent in this place.
 D = Time resting spent in this place.
 E = Time spent auto-exploring this place.
 F = Levels seen in this place.
 G = Mean time per level.
                   A        B        C        D        E       F      G
               +--------+--------+--------+--------+--------+-----+--------+
         Total |  11766 |  11364 |    402 |   1992 |   6003 |  15 |  784.4 |
       Dungeon |  10973 |  10591 |    382 |   1961 |   5972 |  11 |  997.5 |
        Temple |     47 |     27 |     20 |      0 |     17 |   1 |   47.0 |
          Lair |    230 |    230 |      0 |      0 |      0 |   1 |  230.0 |
       Volcano |    251 |    251 |      0 |      0 |      0 |   1 |  251.0 |
      Gauntlet |    262 |    262 |      0 |     31 |     14 |   1 |  262.0 |
               +--------+--------+--------+--------+--------+-----+--------+

Top non-repeatable levels by time:
    D:10: 1466 daAuts
     D:7: 1458 daAuts
     D:4: 1232 daAuts
     D:9: 1209 daAuts
     D:1: 947 daAuts
     D:5: 944 daAuts
     D:2: 885 daAuts
     D:6: 765 daAuts
     D:3: 744 daAuts
    D:11: 679 daAuts
     D:8: 640 daAuts
Gauntlet: 262 daAuts
 Volcano: 251 daAuts
  Lair:1: 230 daAuts
  Temple: 47 daAuts
